 Dungeon Crawl Stone Soup version 0.18.1-1-g2f07953 (webtiles) character file.

1197 Eucla the Covert (level 8, -5/36 HPs)
             Began as a Spriggan Enchanter on May 6, 2016.
             Was an Initiate of Kikubaaqudgha.
             Slain by an orc warrior
             ... wielding a +0 mace
              (14 damage)
             ... on level 5 of the Dungeon.
             The game lasted 00:09:23 (6313 turns).

Eucla the Covert (Spriggan Enchanter)               Turns: 6313, Time: 00:09:23

Health: -5/36      AC:  4    Str:  4    XL:     8   Next: 20%
Magic:  3/17       EV: 18    Int: 17    God:    Kikubaaqudgha [......]
Gold:   218        SH:  0    Dex: 18    Spells: 3 memorised, 12 levels left

rFire  . . .     SeeInvis +     a - +1 dagger
rCold  . . .     Gourm    .     b - +1 robe
rNeg   . . .     Faith    .     (shield restricted)
rPois  .         Spirit   .     (helmet restricted)
rElec  .         Dismiss  .     p - +0 cloak
rCorr  .         Reflect  .     (gloves unavailable)
SustAt .         Harm     .     (boots unavailable)
MR     +....                    (no amulet)
Stlth  +++++.....               (no ring)
                                (no ring)

@: very quick, somewhat resistant to hostile enchantments, quite stealthy
A: unfitting armour, see invisible, herbivore 3, speed 3, slow metabolism 2
a: Renounce Religion


You were on level 5 of the Dungeon.
You worshipped Kikubaaqudgha.
Kikubaaqudgha was noncommittal.
You were not hungry.

You visited 1 branch of the dungeon, and saw 5 of its levels.
You also visited: Ossuary.

You collected 218 gold pieces.

Inventory:

Hand Weapons
 a - a +1 dagger (weapon)
Armour
 b - a +1 robe (worn)
 p - a +0 cloak (worn)
Jewellery
 o - an uncursed ring of flight {unknown}
Scrolls
 e - 9 scrolls of identify {unknown}
 f - 2 scrolls of recharging {unknown}
 g - 3 scrolls of teleportation {unknown}
 j - a scroll of noise {unknown}
 k - a scroll of fear {unknown}
 l - a scroll of fog {unknown}
 r - a scroll of remove curse {unknown}
 t - a scroll of magic mapping {unknown}
Potions
 i - 5 potions of curing
 m - a potion of mutation {unknown}
 n - a potion of might {unknown}
 s - a potion of lignification {unknown}
 u - 2 potions of flight {unknown}
 v - 2 potions of heal wounds {unknown}
Books
 c - a book of Maledictions

   Spells                             Type                      Level
   a - Corona                         Hexes                        1
   b - Ensorcelled Hibernation        Hexes/Ice                    2
   c - Confuse                        Hexes                        3
   d - Tukima's Dance                 Hexes                        3
   e - Dazzling Spray                 Conjuration/Hexes            3
 h - a book of Party Tricks

   Spells                             Type                      Level
   a - Summon Butterflies             Summoning                    1
   b - Apportation                    Translocation                1
   c - Tukima's Dance                 Hexes                        3
   d - Alistair's Intoxication        Transmutation/Poison         5
   e - Invisibility                   Hexes                        6
 q - a book of Dreams

   Spells                             Type                      Level
   a - Ensorcelled Hibernation        Hexes/Ice                    2
   b - Silence                        Hexes/Air                    5
   c - Darkness                       Hexes                        6
   d - Shadow Creatures               Summoning                    6
Comestibles
 d - 3 bread rations


   Skills:
 - Level 5.2 Short Blades
 - Level 3.0 Dodging
 - Level 8.5 Stealth
 + Level 5.5 Spellcasting
 + Level 6.1 Hexes
 + Level 3.5 Necromancy


You had 12 spell levels left.
You knew the following spells:

 Your Spells              Type           Power        Failure   Level  Hunger
a - Corona                Hex            ####...      1%          1    None
b - Ensorcelled Hibernat  Hex/Ice        ###...       10%         2    #......
c - Confuse               Hex            ####....     3%          3    ##.....


Dungeon Overview and Level Annotations

Branches:
Dungeon (5/15)
 Temple: D:4-7

Altars:
Ashenzari
Cheibriados
Dithmenos
Elyvilon
Kikubaaqudgha
Makhleb
Pakellas
Qazlal
Trog
The Shining One

Shops:
D:4 [


Innate Abilities, Weirdness & Mutations

You are tiny and cannot use many weapons and most armour.
You have supernaturally acute eyesight.
You are a herbivore.
You cover ground extremely quickly.
You need consume almost no food.


Message History

Casting: Ensorcelled Hibernation
Confirm with . or Enter, or press ? or * to list all spells.
Aiming: Confuse
Press: ? - help, Shift-Dir - straight line, f - orc warrior
Aim: an orc warrior, wielding a mace and wearing a shiny chain mail (chance to defeat MR: 54%)
The orc warrior resists with significant effort.
Casting: Confuse
Confirm with . or Enter, or press ? or * to list all spells.
Aiming: Confuse
Press: ? - help, Shift-Dir - straight line, f/p - orc warrior
Aim: an orc warrior, wielding a mace and wearing a shiny chain mail (chance to defeat MR: 54%)
The orc warrior appears confused.
You are too injured to fight recklessly!
You are too injured to fight recklessly!
You are too injured to fight recklessly!
You are too injured to fight recklessly!
Unknown command.
The orc warrior hits you with a mace!
You die...
Kikubaaqudgha rasps: "You have failed me!
Welcome... death!"

#######......
#....##......
#....##......
#....##......
#....##......
#....##......
######....##......
#.o..'............
#@####....##......
#.# #.>.......#.#
#.# #....####.#.#
#.# #....#.##.#.#
#.# ###'##....#.#
#.# #.##.####.#
#.# #.#........
#.# #.#..#.##.#
#.# #.#).#.##.#


You could see an orc warrior (confused).

Vanquished Creatures
  The ghost of Eucla the Chopper, a novice GrGl of Ru (D:4)
  A centaur (D:5)
  An elf zombie (Ossuary)
  A scorpion (D:4)
  A crimson imp (D:5)
  A jelly (D:5)
  2 hounds (D:4)
  Crazy Yiuf (D:4)
  4 human zombies (Ossuary)
  2 iguanas
  An orc wizard (D:3)
  5 worker ants
  2 big kobold zombies (Ossuary)
  2 mummies (Ossuary)
  A gnoll (D:1)
  4 adders
  2 oozes
  2 adder zombies (Ossuary)
  2 worms
  A dart slug (D:2)
  3 giant geckos
  3 orcs (D:3)
  A ball python (D:2)
  8 bats
  3 giant cockroaches
  10 goblins
  4 hobgoblins
  10 jackals
  3 quokkas
  A giant cockroach zombie (D:5)
  4 giant newts
  9 hobgoblin zombies (Ossuary)
  2 kobolds (D:1)
  7 kobold zombies (Ossuary)
  10 orc zombies (Ossuary)
  5 rats
  2 rat zombies (Ossuary)
  A fungus (D:4)
123 creatures vanquished.

Notes
Turn   | Place    | Note
--------------------------------------------------------------
     0 | D:1      | Eucla the Spriggan Enchanter began the quest for the Orb.
     0 | D:1      | Reached XP level 1. HP: 9/9 MP: 5/5
   506 | D:1      | Reached XP level 2. HP: 11/13 MP: 6/6
   562 | D:1      | Reached skill level 5 in Stealth
   603 | D:1      | Learned a level 2 spell: Ensorcelled Hibernation
   671 | D:1      | Reached XP level 3. HP: 12/16 MP: 8/8
  1329 | D:2      | Found a burning altar of Makhleb.
  1361 | D:2      | You fall through a shaft for 2 floors!
  1361 | D:4      | Noticed Eucla's ghost (novice GrGl)
  1383 | D:4      | Found Jamiex's Armour Boutique.
  1386 | D:4      | Reached skill level 6 in Stealth
  1386 | D:4      | Reached XP level 4. HP: 8/21 MP: 9/9
  1663 | D:2      | Found a shattered altar of Ashenzari.
  1988 | D:2      | Found a snail-covered altar of Cheibriados.
  1988 | D:2      | Found a white marble altar of Elyvilon.
  2348 | D:3      | Found an ancient bone altar of Kikubaaqudgha.
  2355 | D:3      | Reached XP level 5. HP: 18/24 MP: 10/10
  2374 | D:3      | Became a worshipper of Kikubaaqudgha
  2732 | D:4      | Learned a level 3 spell: Confuse
  2747 | D:4      | Reached skill level 7 in Stealth
  3410 | D:4      | Reached XP level 6. HP: 28/28 MP: 6/11
  3474 | D:4      | Reached skill level 5 in Short Blades
  3474 | D:4      | Reached skill level 8 in Stealth
  3833 | D:4      | Killed Eucla's ghost
  3833 | D:4      | Reached XP level 7. HP: 28/32 MP: 7/14
  4239 | D:4      | Noticed Crazy Yiuf
  4245 | D:4      | Killed Crazy Yiuf
  4316 | D:5      | Entered Level 5 of the Dungeon
  4326 | D:5      | Reached skill level 5 in Hexes
  4329 | D:5      | Found a bloodstained altar of Trog.
  4329 | D:5      | Found an oddly glowing altar of Pakellas.
  4330 | D:5      | Found a stormy altar of Qazlal.
  4423 | D:5      | Found a glowing golden altar of the Shining One.
  4677 | D:5      | Found a shadowy altar of Dithmenos.
  4881 | D:5      | Found a sand-covered staircase.
  4897 | Ossuary  | Entered an ossuary
  5446 | Ossuary  | Reached XP level 8. HP: 13/36 MP: 4/16
  5495 | Ossuary  | Reached skill level 5 in Spellcasting
  6313 | D:5      | Slain by an orc warrior

Skill      XL: |  1  2  3  4  5  6  7  8 |
---------------+-------------------------+-----
Stealth        | 5 6 7 8 |  8.5
Short Blades   | 2 3 4 5 |  5.2
Spellcasting   | 4 5 |  5.5
Hexes          | 4 5 6 |  6.1
Necromancy     | 2 3 |  3.5
Dodging        | |  3.0

Action                   |  1- 3 |  4- 6 |  7- 9 || total
-------------------------+-------+-------+-------++-------
Melee: Dagger            |   124 |   136 |   471 ||   731
 Cast: Ensorcelled Hiber |       |    18 |    10 ||    28
       Confuse           |       |     1 |    18 ||    19
  Use: Potion            |       |       |     3 ||     3
 Stab: Sleeping          |     9 |    25 |    10 ||    44
       Confused          |       |     3 |     9 ||    12
  Eat: Pizza             |       |     1 |       ||     1
       Bread ration      |       |       |     1 ||     1
Armor: Robe              |    18 |    11 |    32 ||    61
Dodge: Dodged            |    81 |    91 |   243 ||   415
